 Dungeon Crawl Stone Soup version 0.21-a0-361-g4efd3f9 (webtiles) character file.

63 Dfrag the Firebug (level 3, -9/24 HPs)
             Began as a Demonspawn Fire Elementalist on Oct 13, 2017.
             Mangled by a worm (12 damage)
             ... on level 2 of the Dungeon.
             The game lasted 00:01:17 (1240 turns).

Dfrag the Firebug (Demonspawn Fire Elementalist)    Turns: 1240, Time: 00:01:17

Health: -9/24      AC:  2    Str:  8    XL:     3   Next: 87%
Magic:  0/7        EV: 12    Int: 17    God:
Gold:   46         SH:  0    Dex: 13    Spells: 6/7 levels left

rFire    . . .     SeeInvis .   (no weapon)
rCold    . . .     Gourm    .   (no shield)
rNeg     . . .     Faith    .   a - +0 robe
rPois    .         Spirit   .   (helmet restricted)
rElec    .         Reflect  .   (no cloak)
rCorr    .         Harm     .   (no gloves)
MR       .....                  (no boots)
Stlth    ++........             (no amulet)
HPRegen  0.08/turn              (no ring)
MPRegen  0.10/turn              (no ring)

@: no status effects
A: horns 2
a: no special abilities


You were on level 2 of the Dungeon.
You were not hungry.

You visited 1 branch of the dungeon, and saw 2 of its levels.

You collected 46 gold pieces.

Inventory:

Armour
 a - a +0 robe (worn)
Jewellery
 m - an uncursed ring of positive energy {unknown}
Scrolls
 e - a scroll of teleportation {unknown}
 g - a scroll of random uselessness {unknown}
 j - a scroll of magic mapping {unknown}
 k - a scroll of fog {unknown}
Potions
 d - 2 potions of resistance {unknown}
 h - a potion of haste {unknown}
 i - a potion of invisibility {unknown}
 n - a potion of ambrosia {unknown}
 o - a potion of agility {unknown}
Books
 b - a book of Flames

   Spells                             Type                      Level
   a - Flame Tongue                   Conjuration/Fire             1
   b - Throw Flame                    Conjuration/Fire             2
   c - Conjure Flame                  Conjuration/Fire             3
   d - Inner Flame                    Hexes/Fire                   3
   e - Sticky Flame                   Conjuration/Fire             4
   f - Fireball                       Conjuration/Fire             5
Comestibles
 c - 2 bread rations
 f - a royal jelly
 l - a meat ration
 p - 2 fruits


   Skills:
 - Level 1.7 Dodging
 - Level 1.7 Stealth
 + Level 2.7 Spellcasting
 + Level 2.2 Conjurations
 + Level 3.3 Fire Magic


You had 6 spell levels left.
You knew the following spells:

 Your Spells              Type           Power        Failure   Level  Hunger
a - Flame Tongue          Conj/Fire      ##...        5%          1    #......


Dungeon Overview and Level Annotations

Branches:
Dungeon (2/15)

Altars:


Innate Abilities, Weirdness & Mutations

You have a pair of horns on your head.


Message History

The flame tongue misses the worm.
Casting: Flame Tongue
Confirm with . or Enter, or press ? or * to list all spells.
You don't have enough magic to cast that spell.
Unknown command.
Casting: Flame Tongue
Confirm with . or Enter, or press ? or * to list all spells.
You don't have enough magic to cast that spell.
Unknown command.
You hit the worm.
The worm is moderately wounded.
You hit the worm but do no damage. You headbutt the worm!
The worm is severely wounded.
The worm bites you!
* * * LOW HITPOINT WARNING * * *
You hit the worm but do no damage.
The worm is severely wounded.
The worm bites you!
Ouch! That really hurt!
You die...

..........#
##........######
#..............
#.......#......
#.......#...... #...
#######.#...... ....#
#.#K..... ....#
#g###########
....########..#<@.......
##.........##g#.w.......
.....#####..#.#.........
......................>.
......#######..>........
†.....## ##..........
...^...# ###....÷.....
.....#.# #.##.########
(....#.#####.##.##


You could see a worm.

Vanquished Creatures
  4 gnolls
  2 dart slugs (D:1)
  A leopard gecko (D:1)
  2 bats
  2 giant cockroaches (D:1)
  3 hobgoblins (D:1)
  2 jackals (D:1)
  2 kobolds (D:2)
  2 rats (D:1)
20 creatures vanquished.

Notes
Turn   | Place    | Note
-------+----------+-------------------------------------------
     0 | D:1      | Dfrag the Demonspawn Fire Elementalist began the quest for the Orb.
     0 | D:1      | Reached XP level 1. HP: 13/13 MP: 3/3
   227 | D:1      | Gained mutation: You have a pair of small horns on your head. [demonic ancestry]
   227 | D:1      | Reached XP level 2. HP: 8/19 MP: 1/5
   468 | D:1      | Reached skill level 3 in Fire Magic
   904 | D:2      | Gained mutation: You have a pair of horns on your head. [demonic ancestry]
   904 | D:2      | Reached XP level 3. HP: 18/24 MP: 0/6
   961 | D:1      | HP: 1/24 [gnoll (2)]
  1240 | D:2      | Mangled by a worm

Vault maps used:
D:1:      saegor_arrival_simple_f
D:2:      first_bread

Skill      XL: |  1  2  3 |
---------------+----------+-----
Fire Magic     | 3 |  3.3
Conjurations   | 2 |  2.2
Dodging        | |  1.7
Stealth        | |  1.7
Spellcasting   | |  2.7

Action                   || total
-------------------------++-------
Melee: Unarmed           ||    23
       Headbutt          ||     3
 Cast: Flame Tongue      ||    46
  Eat: Chunk             ||     1
Armor: Robe              ||     2
Dodge: Dodged            ||    39

Table legend:
 A = Spawn XP
 B = Non-spawn XP
 C = Spawn XP percentage of total XP
 D = Spawn monster count
 E = Non-spawn monster count
 F = Spawn count percentage of total count
 G = Total turns spent on level
                    A         B        C        D         E        F      G
               +---------+---------+-------+---------+---------+-------+---------
         Total |       0 |      90 |   0.0 |       0 |      20 |   0.0 |  1240
               +---------+---------+-------+---------+---------+-------+---------
           D:1 |       0 |      57 |   0.0 |       0 |      15 |   0.0 |  1110
           D:2 |       0 |      33 |   0.0 |       0 |       5 |   0.0 |   130
               +---------+---------+-------+---------+---------+-------+---------
